 Dungeon Crawl Stone Soup version 0.18.1-50-g88ac8fd (webtiles) character file.

54 Peloso the Covered (level 3, -4/31 HPs)
             Began as a Demigod Fighter on Oct 16, 2016.
             Slain by a wight
             ... wielding a +2 battleaxe of freezing
              (11 damage)
             ... on level 2 of the Dungeon.
             The game lasted 00:03:14 (1681 turns).

Peloso the Covered (Demigod Fighter)                Turns: 1681, Time: 00:03:17

Health: -4/31      AC: 11    Str: 19    XL:     3   Next: 44%
Magic:  5/5        EV:  3    Int: 12    God:
Gold:   97         SH:  9    Dex: 17    Spells: 0 memorised, 2 levels left

rFire  . . .     SeeInvis .     a - +0 long sword
rCold  . . .     Gourm    .     n - +0 plate armour
rNeg   . . .     Faith    .     c - +0 shield
rPois  .         Spirit   .     (no helmet)
rElec  .         Dismiss  .     (no cloak)
rCorr  .         Reflect  .     (no gloves)
SustAt +         Harm     .     (no boots)
MR     .....                    (no amulet)
Stlth  ..........               (no ring)
                                (no ring)

@: drained, not resistant to hostile enchantments, extremely unstealthy
A: high mp 1, sustain attributes
a: no special abilities


You were on level 2 of the Dungeon.
You were not hungry.

You visited 1 branch of the dungeon, and saw 3 of its levels.

You collected 97 gold pieces.

Inventory:

Hand Weapons
 a - a +0 long sword (weapon)
Armour
 b - a +0 scale mail
 c - a +0 shield (worn)
 n - a +0 plate armour (worn)
Scrolls
 e - a scroll of teleportation {unknown}
 g - 3 scrolls of identify {unknown}
 k - a scroll of blinking {unknown}
 l - 2 scrolls of remove curse {unknown}
Potions
 d - a potion of might
 h - a potion of degeneration {unknown}
 j - a potion of brilliance {unknown}
 m - a potion of resistance {unknown}
 o - 2 potions of curing {unknown}
 p - 2 potions of cancellation {unknown}
Comestibles
 f - a bread ration
 i - 2 meat rations
 q - a chunk of flesh


   Skills:
 + Level 3.0(2.4) Fighting
 + Level 2.0(1.4) Long Blades
 + Level 3.2(2.6) Armour
 + Level 1.0(0.4) Dodging
 + Level 3.1(2.5) Shields


You had 2 spell levels left.
You didn't know any spells.

Dungeon Overview and Level Annotations

Branches:
Dungeon (3/15)


Innate Abilities, Weirdness & Mutations

You have an increased reservoir of magic (+10% MP).
Your attributes are resistant to harm.


Message History

There is a stone staircase leading up here.
You block the wight's attack.
You climb upwards.
There is a stone staircase leading down here.
You barely miss the wight.
The wight hits you with a hand axe of freezing!
You feel drained. The wight freezes you. You block the wight's attack.
The wight hits you with a hand axe of freezing.
The wight freezes you.
You closely miss the wight. The wight barely misses you. x2
You closely miss the wight. You block the wight's attack.
The wight completely misses you.
You hit the wight but do no damage.
The wight hits you with a hand axe of freezing.
You feel drained.
* * * LOW HITPOINT WARNING * * *
The wight freezes you.
* * * LOW HITPOINT WARNING * * *
The wight hits you with a battleaxe of freezing!
You die...

###............#.######### #####
#..............#
#.......)...#..#
#..............#
###...........#..##
.#.......######((.#
.###.#..##.....(..# .#
#.#(.##.####z..# .# #†#.....#
#.z@## ###### .#
#.#.#######(##### #....#
.###...............####....#
.##..#.#####.......#.......#
.....#.# #.......#.##....#
.##.##.#####.....###.##....#
.##....#.............##.########
..######.##......###.##........#
8.# #.........................#


You could see 2 wights.

Vanquished Creatures
  An adder (D:2)
  An ooze (D:1)
  A worm (D:2)
  3 giant geckos
  6 bats
  A giant cockroach (D:1)
  4 goblins
  5 hobgoblins
  3 jackals (D:1)
  A quokka (D:2)
  A giant newt (D:1)
  3 kobolds
  4 rats
34 creatures vanquished.

Notes
Turn   | Place    | Note
--------------------------------------------------------------
     0 | D:1      | Peloso the Demigod Fighter began the quest for the Orb.
     0 | D:1      | Reached XP level 1. HP: 18/18 MP: 3/3
   208 | D:1      | Reached XP level 2. HP: 18/25 MP: 4/4
  1122 | D:2      | Reached XP level 3. HP: 10/30 MP: 5/5
  1296 | D:2      | Found a faded altar to an unknown god.
  1467 | D:2      | Found a stormy altar of Qazlal.
  1478 | D:2      | Reached skill level 1 in Dodging
  1538 | D:2      | Found a white marble altar of Elyvilon.
  1681 | D:2      | Slain by a wight

Skill      XL: |  1  2  3 |
---------------+----------+-----
Armour         | 3 |  3.2
Shields        | 3 |  3.1
Long Blades    | 2 |  2.0
Fighting       | 3 |  3.0
Dodging        | 1 |  1.0

Action                   || total
-------------------------++-------
Melee: Long sword        ||   144
  Eat: Chunk             ||     3
Armor: Scale mail        ||    54
       Plate armour      ||    40
Dodge: Dodged            ||    53
Block: Shield            ||    93
